TOP OF THE 1ST |
Chula Vista Tacos batting - Pitching for Jasper Cougars : RHP Dae-ho Kim
|
Pitching: RHP Dae-ho Kim
|
|
Batting: RHB Ryan Cates
|
0-0: Ball 1-0: Swinging Strike 1-1: Foul Ball, location: 2F 1-2: Foul Ball, location: 2F 1-2: Ball 2-2: Strikes out swinging
|
Batting: LHB Gonzalo Benítez
|
0-0: Ball 1-0: Called Strike 1-1: Ground out 4-3 (Groundball, 4)
|
Batting: LHB Ray Bryant
|
0-0: Called Strike 0-1: Foul Ball, location: 2F 0-2: Ball 1-2: Ball 2-2: Ball 3-2: Base on Balls
|
Batting: RHB John Nelson
|
0-0: Ball Ray Bryant steals 2nd base 1-0: Called Strike 1-1: Swinging Strike 1-2: Ball 2-2: Strikes out swinging
|
Top of the 1st over - 0 run(s), 0 hit(s), 0 error(s), 1 left on base; Chula Vista 0 - Jasper 0 |
BOTTOM OF THE 1ST |
Jasper Cougars batting - Pitching for Chula Vista Tacos : RHP Roberto Carrillo
|
Pitching: RHP Roberto Carrillo
|
|
Batting: LHB António Camacho
|
0-0: Ball 1-0: Called Strike 1-1: Ground out 6-3 (Groundball, 6M)
|
Batting: RHB Fernando Gálvez
|
0-0: Swinging Strike 0-1: Called Strike 0-2: Foul Ball, location: 2F 0-2: Ball 1-2: Ball 2-2: SINGLE (Flyball, 9S)
|
Batting: SHB Ron Edwards
|
0-0: Called Strike 0-1: Ball 1-1: Called Strike 1-2: Strikes out swinging
|
Batting: RHB George Reeves
|
0-0: Ball 1-0: Swinging Strike 1-1: Ball 2-1: Ground out 5-3 (Groundball, 56)
|
Bottom of the 1st over - 0 run(s), 1 hit(s), 0 error(s), 1 left on base; Chula Vista 0 - Jasper 0 |
TOP OF THE 2ND |
Chula Vista Tacos batting - Pitching for Jasper Cougars : RHP Dae-ho Kim
|
Batting: RHB José Oliveira
|
0-0: Ball 1-0: DOUBLE (Line Drive, 78M)
|
Batting: RHB Michael White
|
0-0: Ball 1-0: Foul Ball, location: 2F 1-1: Ball 2-1: Foul Ball, location: 2F 2-2: Ball 3-2: Foul Ball, location: 2F 3-2: Strikes out swinging
|
Batting: LHB Dennis Lovett
|
0-0: Ball 1-0: Ball 2-0: Fly out, F9 (Flyball, 89S)
|
Batting: LHB Michael Myers
|
0-0: SINGLE (Line Drive, 4MD) José Oliveira to third
|
Batting: SHB Michael Aisher
|
0-0: Ball 1-0: Ball 2-0: Hit by Pitch Michael Myers to second
|
Batting: RHB Ryan Cates
|
0-0: Ball 1-0: Ball 2-0: Ground out 4-3 (Groundball, 4)
|
Top of the 2nd over - 0 run(s), 2 hit(s), 0 error(s), 3 left on base; Chula Vista 0 - Jasper 0 |
BOTTOM OF THE 2ND |
Jasper Cougars batting - Pitching for Chula Vista Tacos : RHP Roberto Carrillo
|
Batting: RHB David Hernández
|
0-0: Ball 1-0: Reached on error, E4 (Groundball, 4M)
|
Batting: LHB Jon Scott
|
0-0: Ball 1-0: Ball 2-0: Ball 3-0: Called Strike 3-1: Foul Ball, location: 2F 3-2: Fly out, F5 (Popup, 5SF)
|
Batting: RHB José Ortega
|
0-0: Ground out 6-3 (Groundball, 6S) David Hernández to second
|
Batting: SHB Rafael Acosta
|
0-0: Called Strike 0-1: Ball 1-1: Ball 2-1: Foul Ball, location: 2F 2-2: Strikes out swinging
|
Bottom of the 2nd over - 0 run(s), 0 hit(s), 1 error(s), 1 left on base; Chula Vista 0 - Jasper 0 |
TOP OF THE 3RD |
Chula Vista Tacos batting - Pitching for Jasper Cougars : RHP Dae-ho Kim
|
Batting: LHB Gonzalo Benítez
|
0-0: Swinging Strike 0-1: Called Strike 0-2: Strikes out swinging
|
Batting: LHB Ray Bryant
|
0-0: Swinging Strike 0-1: Ground out 3-1 (Groundball, 3L)
|
Batting: RHB John Nelson
|
0-0: Foul Ball, location: 2F 0-1: Swinging Strike 0-2: Strikes out swinging
|
Top of the 3rd over - 0 run(s), 0 hit(s), 0 error(s), 0 left on base; Chula Vista 0 - Jasper 0 |
BOTTOM OF THE 3RD |
Jasper Cougars batting - Pitching for Chula Vista Tacos : RHP Roberto Carrillo
|
Batting: RHB Mason Thompson
|
0-0: Called Strike 0-1: Ball 1-1: Fly out, F4 (Popup, 4D)
|
Batting: LHB António Camacho
|
0-0: Ground out 1-3 (Groundball, 15)
|
Batting: RHB Fernando Gálvez
|
0-0: Ball 1-0: Called Strike 1-1: Called Strike 1-2: Ball 2-2: SINGLE (Groundball, 5D)
|
Batting: SHB Ron Edwards
|
0-0: Ball 1-0: Called Strike 1-1: Fly out, F4 (Popup, 4M)
|
Bottom of the 3rd over - 0 run(s), 1 hit(s), 0 error(s), 1 left on base; Chula Vista 0 - Jasper 0 |
TOP OF THE 4TH |
Chula Vista Tacos batting - Pitching for Jasper Cougars : RHP Dae-ho Kim
|
Batting: RHB José Oliveira
|
0-0: Called Strike 0-1: Ball 1-1: Reached on error, E5 (Groundball, 5L)
|
Batting: RHB Michael White
|
0-0: Swinging Strike 0-1: Foul Ball, location: 2F 0-2: Strikes out swinging
|
Batting: LHB Dennis Lovett
|
0-0: Ball 1-0: Ball 2-0: Called Strike 2-1: Foul Ball, location: 2F 2-2: Foul Ball, location: 2F 2-2: Ball 3-2: Strikes out swinging
|
Batting: LHB Michael Myers
|
0-0: Ball 1-0: Swinging Strike 1-1: Ball 2-1: Ball 3-1: Swinging Strike 3-2: Strikes out swinging
|
Top of the 4th over - 0 run(s), 0 hit(s), 1 error(s), 1 left on base; Chula Vista 0 - Jasper 0 |
BOTTOM OF THE 4TH |
Jasper Cougars batting - Pitching for Chula Vista Tacos : RHP Roberto Carrillo
|
Batting: RHB George Reeves
|
0-0: Fly out, F8 (Flyball, 8LD)
|
Batting: RHB David Hernández
|
0-0: Called Strike 0-1: Called Strike 0-2: Ball 1-2: Fly out, F8 (Line Drive, 8RM)
|
Batting: LHB Jon Scott
|
0-0: Ball 1-0: Ball 2-0: Ground out 1-3 (Groundball, 15S)
|
Bottom of the 4th over - 0 run(s), 0 hit(s), 0 error(s), 0 left on base; Chula Vista 0 - Jasper 0 |
TOP OF THE 5TH |
Chula Vista Tacos batting - Pitching for Jasper Cougars : RHP Dae-ho Kim
|
Batting: SHB Michael Aisher
|
0-0: Called Strike 0-1: Ball 1-1: Foul Ball, location: 2F 1-2: Strikes out swinging
|
Batting: RHB Ryan Cates
|
0-0: Called Strike 0-1: Fly out, F8 (Flyball, 8LM)
|
Batting: LHB Gonzalo Benítez
|
0-0: Ball 1-0: Ball 2-0: Swinging Strike 2-1: Ball 3-1: Foul Ball, location: 2F 3-2: Base on Balls
|
Batting: LHB Ray Bryant
|
0-0: Ball Gonzalo Benítez steals 2nd base 1-0: Foul Ball, location: 2F 1-1: Ground out 6-3 (Groundball, 6)
|
Top of the 5th over - 0 run(s), 0 hit(s), 0 error(s), 1 left on base; Chula Vista 0 - Jasper 0 |
BOTTOM OF THE 5TH |
Jasper Cougars batting - Pitching for Chula Vista Tacos : RHP Roberto Carrillo
|
Batting: RHB José Ortega
|
0-0: Foul Ball, location: 2F 0-1: Ball 1-1: Called Strike 1-2: Strikes out looking
|
Batting: SHB Rafael Acosta
|
0-0: Ground out 4-3 (Groundball, 4)
|
Batting: RHB Mason Thompson
|
0-0: Foul Ball, location: 2F 0-1: Fly out, F7 (Flyball, 78D)
|
Bottom of the 5th over - 0 run(s), 0 hit(s), 0 error(s), 0 left on base; Chula Vista 0 - Jasper 0 |
TOP OF THE 6TH |
Chula Vista Tacos batting - Pitching for Jasper Cougars : RHP Dae-ho Kim
|
Batting: RHB John Nelson
|
0-0: Called Strike 0-1: Foul Ball, location: 2F 0-2: Ball 1-2: Strikes out looking
|
Pitching: LHP Jon Vaughn
|
|
Batting: RHB José Oliveira
|
0-0: SINGLE (Groundball, 6MD)
|
Batting: RHB Michael White
|
0-0: Ball 1-0: Ball 2-0: Foul Ball, location: 2F 2-1: Foul Ball, location: 2F 2-2: DOUBLE (Groundball, 5L) José Oliveira to third
|
Batting: LHB Dennis Lovett
|
0-0: Called Strike 0-1: Called Strike 0-2: Ball 1-2: Foul Ball, location: 2F 1-2: Foul Ball, location: 2F 1-2: Foul Ball, location: 2F 1-2: Ball 2-2: Strikes out swinging
|
Batting: LHB Michael Myers
|
0-0: Called Strike 0-1: Ball 1-1: Foul Ball, location: 2F 1-2: Strikes out swinging
|
Top of the 6th over - 0 run(s), 2 hit(s), 0 error(s), 2 left on base; Chula Vista 0 - Jasper 0 |
BOTTOM OF THE 6TH |
Jasper Cougars batting - Pitching for Chula Vista Tacos : RHP Roberto Carrillo
|
Batting: LHB António Camacho
|
0-0: Swinging Strike 0-1: SINGLE (Groundball, 23) (infield hit)
|
Batting: RHB Fernando Gálvez
|
0-0: Ball 1-0: Ball 2-0: Hit by Pitch António Camacho to second
|
Batting: SHB Ron Edwards
|
0-0: Ball 1-0: Ball 2-0: Ball 3-0: Called Strike 3-1: Base on Balls António Camacho to third Fernando Gálvez to second
|
Batting: RHB George Reeves
|
0-0: Ball 1-0: Called Strike 1-1: Ball 2-1: Ball 3-1: Foul Ball, location: 2F 3-2: Strikes out swinging
|
Batting: RHB David Hernández
|
0-0: Called Strike 0-1: Ball 1-1: Called Strike 1-2: Fly out, F2 (Popup, 2RF)
|
Batting: LHB Jon Scott
|
0-0: Ball 1-0: Ball 2-0: SINGLE (Flyball, 7LS) António Camacho scores Fernando Gálvez to third Ron Edwards to second Runner from 3rd tries for Home, SAFE, no throw or cutoff
|
Batting: RHB José Ortega
|
0-0: Ball 1-0: Foul Ball, location: 2F 1-1: Called Strike 1-2: Ground out 6-3 (Groundball, 6)
|
Bottom of the 6th over - 2 run(s), 2 hit(s), 0 error(s), 2 left on base; Chula Vista 0 - Jasper 2 |
TOP OF THE 7TH |
Chula Vista Tacos batting - Pitching for Jasper Cougars : LHP Jon Vaughn
|
Batting: SHB Michael Aisher
|
0-0: Ground out 4-3 (Groundball, 4M)
|
Batting: RHB Ryan Cates
|
0-0: Ball 1-0: Swinging Strike 1-1: Foul Ball, location: 2F 1-2: Ball 2-2: Strikes out swinging
|
Batting: LHB Gonzalo Benítez
|
0-0: Ball 1-0: Ball 2-0: Ball 3-0: Called Strike 3-1: Base on Balls
|
Batting: LHB Ray Bryant
|
0-0: Called Strike 0-1: Called Strike 0-2: Foul Ball, location: 2F 0-2: Ball 1-2: Strikes out swinging
|
Top of the 7th over - 0 run(s), 0 hit(s), 0 error(s), 1 left on base; Chula Vista 0 - Jasper 2 |
BOTTOM OF THE 7TH |
Jasper Cougars batting - Pitching for Chula Vista Tacos : RHP Roberto Carrillo
|
Pitching: RHP Juan Salinas
|
|
Batting: SHB Rafael Acosta
|
0-0: Foul Ball, location: 2F 0-1: Ball 1-1: SINGLE (Line Drive, 6D)
|
Batting: RHB Mason Thompson
|
Pickoff Throw to First - Error! E1 Rafael Acosta to second 0-0: Ball 1-0: Ground out 1-3 (Groundball, 13) Rafael Acosta to third
|
Batting: LHB António Camacho
|
0-0: SINGLE (Line Drive, 6D) Rafael Acosta scores
|
Batting: RHB Fernando Gálvez
|
0-0: Ball 1-0: Called Strike 1-1: Foul Ball, location: 2F 1-2: Ball António Camacho steals 2nd base 2-2: Ground out 5-3 (Groundball, 5)
|
Batting: SHB Ron Edwards
|
0-0: Ball 1-0: Foul Ball, location: 2F 1-1: Foul Ball, location: 2F 1-2: Ball 2-2: Ground out U3 (Groundball, 3)
|
Bottom of the 7th over - 1 run(s), 2 hit(s), 1 error(s), 1 left on base; Chula Vista 0 - Jasper 3 |
TOP OF THE 8TH |
Chula Vista Tacos batting - Pitching for Jasper Cougars : LHP Jon Vaughn
|
Batting: RHB John Nelson
|
0-0: Ball 1-0: Ball 2-0: Ball 3-0: Base on Balls
|
Batting: RHB José Oliveira
|
0-0: Ball 1-0: Ball 2-0: Ball 3-0: Base on Balls John Nelson to second
|
Batting: RHB Michael White
|
0-0: Swinging Strike 0-1: Foul Ball, location: 2F 0-2: Ball 1-2: Ball 2-2: Ground out 6-3 (Groundball, 6MS) John Nelson to third José Oliveira to second
|
Batting: LHB Dennis Lovett
|
0-0: Called Strike 0-1: Swinging Strike 0-2: Strikes out swinging
|
Batting: LHB Michael Myers
|
0-0: Ball 1-0: Called Strike 1-1: Ball 2-1: Foul Ball, location: 2F 2-2: Foul Ball, location: 2F 2-2: Foul Ball, location: 2F 2-2: Ground out 3-1 (Groundball, 23)
|
Top of the 8th over - 0 run(s), 0 hit(s), 0 error(s), 2 left on base; Chula Vista 0 - Jasper 3 |
BOTTOM OF THE 8TH |
Jasper Cougars batting - Pitching for Chula Vista Tacos : RHP Juan Salinas
|
Batting: RHB George Reeves
|
0-0: DOUBLE (Flyball, 89M)
|
Batting: RHB David Hernández
|
0-0: Swinging Strike 0-1: DOUBLE (Groundball, 3L) George Reeves scores
|
Batting: LHB Jon Scott
|
0-0: Intentional Walk
|
Batting: RHB José Ortega
|
0-0: Reached on error, E1 (Groundball, 13S) David Hernández scores Jon Scott to third
|
Batting: SHB Rafael Acosta
|
0-0: Ground out 6-3 (Groundball, 6) Jon Scott scores
|
Pitching: RHP Andre Huff
|
|
Batting: RHB Mason Thompson
|
0-0: Ball 1-0: Swinging Strike 1-1: Ground out 6-3 (Groundball, 6)
|
Batting: LHB António Camacho
|
0-0: Ball 1-0: Ball 2-0: Foul Ball, location: 2F 2-1: SINGLE (Groundball, 6MD) (infield hit) José Ortega to third
|
Batting: RHB Fernando Gálvez
|
0-0: Called Strike 0-1: Foul Ball, location: 2F 0-2: Strikes out looking
|
Bottom of the 8th over - 3 run(s), 3 hit(s), 1 error(s), 2 left on base; Chula Vista 0 - Jasper 6 |
TOP OF THE 9TH |
Chula Vista Tacos batting - Pitching for Jasper Cougars : LHP Jon Vaughn
|
Now at C: Joe Baker
|
|
Now at SS: Juan Carlos
|
|
Now in CF: Joe Smith
|
|
Batting: SHB Michael Aisher
|
0-0: Ball 1-0: Foul Ball, location: 2F 1-1: Ball 2-1: Called Strike 2-2: DOUBLE (Flyball, 7LM)
|
Batting: RHB Ryan Cates
|
0-0: Foul Ball, location: 2F 0-1: Swinging Strike 0-2: Strikes out looking
|
Pitching: LHP Alfredo Maestas
|
|
Batting: LHB Gonzalo Benítez
|
0-0: Ground out 4-3 (Groundball, 4) Michael Aisher to third
|
Batting: LHB Ray Bryant
|
0-0: Foul Ball, location: 2F 0-1: Called Strike 0-2: Strikes out swinging
|
Top of the 9th over - 0 run(s), 1 hit(s), 0 error(s), 1 left on base; Chula Vista 0 - Jasper 6 |
|